 Dungeon Crawl Stone Soup version 0.22.1-1-ga44c0e5 (webtiles) character file.

77 imbaray the Conjurer (level 4, 0/24 HPs)
             Began as a Deep Elf Conjurer on Oct 13, 2018.
             Slain by a kobold
             ... wielding a +0 dagger
              (1 damage)
             ... on level 2 of the Dungeon.
             The game lasted 00:03:56 (1109 turns).

imbaray the Conjurer (Deep Elf Conjurer)            Turns: 1109, Time: 00:03:57

Health: 0/24       AC:  3    Str:  5    XL:     4   Next: 14%
Magic:  4/11       EV: 14    Int: 20    God:
Gold:   55         SH:  0    Dex: 16    Spells: 7/10 levels left

rFire    + . .     SeeInvis .   d - +0 dagger
rCold    . . .     Gourm    .   (no shield)
rNeg     . . .     Faith    .   j - +0 robe
rPois    .         Spirit   .   (no helmet)
rElec    .         Reflect  .   a - +0 cloak (curse)
rCorr    .         Harm     .   (no gloves)
MR       .....                  (no boots)
Stlth    ++........             (no amulet)
HPRegen  0.08/turn              e - ring of protection from fire
MPRegen  0.12/turn              (no ring)

@: lethally poisoned (0 -> -1)
A: no striking features
a: no special abilities


You were on level 2 of the Dungeon.
You were not hungry.

You visited 1 branch of the dungeon, and saw 2 of its levels.

You collected 55 gold pieces.

Inventory:

Hand Weapons
 d - a +0 dagger (weapon)
Armour
 a - a cursed +0 cloak (worn)
 j - a +0 robe (worn)
Jewellery
 e - a ring of protection from fire (left hand)
Scrolls
 b - 5 scrolls of identify {unknown}
 h - a scroll of remove curse
Comestibles
 c - 2 rations


   Skills:
 + Level 1.1 Short Blades
 + Level 3.2 Dodging
 + Level 3.4 Stealth
 + Level 3.8 Spellcasting
 + Level 4.8 Conjurations


You had 7 spell levels left.
You knew the following spells:

 Your Spells              Type           Power        Failure   Level  Hunger
a - Magic Dart            Conj           ###.         1%          1    None
b - Searing Ray           Conj           ###...       2%          2    ##.....

Your spell library contained the following spells:

 Spells                   Type           Power        Failure   Level  Hunger
 Dazzling Spray           Conj/Hex       ##....       14%         3    ###....
 Iskenderun's Mystic Bla  Conj           ###.....     17%         4    ####...
 Force Lance              Conj/Tloc      ##......     43%         4    ####...
 Fulminant Prism          Conj/Hex       ##........   43%         4    ####...


Dungeon Overview and Level Annotations

Branches:
Dungeon (2/15)

Altars:
Kikubaaqudgha


Message History

You hit the adder.
The adder is severely wounded.
The adder closely misses you.
You miss the adder.
The adder is heavily wounded.
The adder closely misses you.
You hit the adder.
The adder is severely wounded.
The adder bites you but does no damage. The kobold barely misses you.
The adder bites you but does no damage.
You hit the adder.
The adder is almost dead.
* * * LOW HITPOINT WARNING * * *
You feel sick. The kobold completely misses you. The adder misses you.
You hit the adder.
You kill the adder!
The kobold hits you with a dagger.
* * * LOW HITPOINT WARNING * * *
The kobold hits you with a dagger.
You die...

#..# #...##....#.# #.# ####
#..# #.⌠....≈_.#.# #.# #
#..# ###.....≈...#.# #.#
#### #..# #.......≈...#.#
#.# #... #..#
#....≈≈≈≈≈.##.## #.# #.##
#..# #...≈≈≈≈≈..##..# #.#
#.##
...#####.#.÷≈≈≈≈...#..# #.#
#.##
#......K..)..≈.≈K⌠....###.#
#.##
########.##.....@.........#
#.## #.#####..###########
#.# #.......## #.##
######### #... ####


You could see a kobold.

Vanquished Creatures
  Jessica (D:2)
  2 adders (D:2)
  A leopard gecko (D:2)
  4 giant cockroaches
  A hobgoblin (D:2)
  3 jackals (D:1)
  A ball python (D:1)
  3 bats
  2 frilled lizards (D:1)
  5 goblins
  5 kobolds (D:1)
  8 rats
36 creatures vanquished.

Notes
Turn   | Place    | Note
-------+----------+-------------------------------------------
     0 | D:1      | imbaray the Deep Elf Conjurer began the quest for the Orb.
     0 | D:1      | Reached XP level 1. HP: 10/10 MP: 6/6
   303 | D:1      | Reached XP level 2. HP: 15/15 MP: 5/8
   324 | D:1      | Learned a level 2 spell: Searing Ray
   788 | D:2      | Noticed Jessica
   791 | D:2      | Killed Jessica
   791 | D:2      | Reached XP level 3. HP: 19/19 MP: 6/10
   850 | D:2      | Reached skill level 1 in Short Blades
   900 | D:2      | Found an ancient bone altar of Kikubaaqudgha.
  1078 | D:2      | Reached XP level 4. HP: 14/24 MP: 1/11
  1108 | D:2      | HP: 1/24 [kobold/dagger (1)]
  1109 | D:2      | Slain by a kobold

Skill      XL: |  1  2  3 |
---------------+----------+-----
Stealth        | 3 |  3.4
Dodging        | 3 |  3.2
Short Blades   | 1 |  1.1
Spellcasting   | |  3.8
Conjurations   | |  4.8

Action                   |  1- 3 |  4- 6 || total
-------------------------+-------+-------++-------
Melee: Unarmed           |     4 |       ||     4
       Dagger            |     3 |     7 ||    10
 Cast: Magic Dart        |    72 |       ||    72
       Searing Ray       |     1 |       ||     1
  Use: Scroll            |     2 |       ||     2
Armor: Robe              |     5 |     2 ||     7
Dodge: Dodged            |    21 |    11 ||    32
